 Dungeon Crawl Stone Soup version 0.29-a0-872-g797fff5ad1 (webtiles) character file.

Game seed: 8907912600499418240

187 jimonade the Covert (level 5, -4/31 HPs)
             Began as a Kobold Brigand on July 18, 2022.
             Slain by a scorpion (5 damage)
             ... on level 4 of the Dungeon.
             The game lasted 00:03:23 (3267 turns).

jimonade the Covert (Kobold Brigand)                Turns: 3267, Time: 00:03:24

Health: -4/31      AC:  3    Str:  8    XL:     5   Next: 99%
Magic:  5/5        EV: 18    Int: 13    God:
Gold:   163        SH:  0    Dex: 18    Spells: 4/4 levels left

rFire   . . .      SeeInvis .   a - +2 dagger
rCold   . . .      Faith    .   (no shield)
rNeg    . . .      Spirit   .   v - +0 robe
rPois   .          Reflect  .   (no helmet)
rElec   .          Harm     .   c - +0 cloak
rCorr   .          Rampage  .   (no gloves)
Will    .....                   (no boots)
Stlth   +++++.....              (no amulet)
HPRegen 0.10/turn               x - +4 ring of evasion
MPRegen 0.09/turn               (no ring)

@: lethally poisoned (-4 -> -13)
A: small, no large weapons, nightstalker 3
a: no special abilities


You were on level 4 of the Dungeon.
You visited 1 branch of the dungeon, and saw 4 of its levels.

You collected 163 gold pieces.

Inventory:

Hand Weapons
 a - a +2 dagger (weapon)
 b - a +0 sling
 p - a +3 falchion of holy wrath
 q - a +0 rapier
Missiles
 d - 11 poisoned darts (quivered)
 e - 3 curare-tipped darts
 h - 5 atropa-tipped darts
Armour
 c - a +0 cloak (worn)
 u - a +0 kite shield
 v - a +0 robe (worn)
Jewellery
 x - a +4 ring of evasion (left hand)
 y - a ring of protection from fire
Scrolls
 f - 4 scrolls of identify {unknown}
 g - 2 scrolls of vulnerability {unknown}
 i - a scroll of teleportation {unknown}
 k - a scroll of immolation {unknown}
 l - a scroll of brand weapon {unknown}
 t - a scroll of magic mapping {unknown}
Potions
 j - a potion of lignification {unknown}
 m - a potion of invisibility {unknown}
 n - a potion of haste {unknown}
 o - 4 potions of flight {unknown}
 r - a potion of mutation {unknown}
 s - 3 potions of curing {unknown}
 w - a potion of heal wounds {unknown}


   Skills:
 + Level 2.4 Fighting
 + Level 3.3 Short Blades
 - Level 2.1 Throwing
 + Level 1.3 Dodging
 * Level 9.0 Stealth


You had 4 spell levels left.
You didn't know any spells.
Your spell library was empty.

Dungeon Overview and Level Annotations

Branches:
Dungeon (4/15)
 Temple: D:4-7

Altars:
Kikubaaqudgha
Qazlal

Shops:
D:4 *


Innate Abilities, Weirdness & Mutations

You are small and have problems with some larger weapons.
You are completely attuned to the shadows.


Message History

The scorpion is heavily wounded.
The scorpion completely misses you. The hobgoblin completely misses you.
You barely miss the scorpion.
The scorpion is heavily wounded.
The scorpion closely misses you. The hobgoblin barely misses you.
You hit the scorpion but do no damage.
The scorpion is heavily wounded.
The scorpion misses you.
You closely miss the scorpion.
The scorpion is heavily wounded.
The hobgoblin misses you. The scorpion stings you.
You are poisoned.
The scorpion poisons you!
You hit the scorpion.
The scorpion is severely wounded.
You feel sick. The hobgoblin misses you. The scorpion stings you.
You barely miss the scorpion.
The scorpion is severely wounded.
You feel sick. The scorpion closely misses you.
The hobgoblin hits you but does no damage.
You hit the scorpion but do no damage.
The scorpion is severely wounded.
You feel sick. The scorpion stings you.
You are lethally poisoned!
The scorpion poisons you! The hobgoblin closely misses you.
You hit the scorpion but do no damage.
The scorpion is severely wounded.
* * * LOW HITPOINT WARNING * * *
You feel very sick. The scorpion barely misses you.
The hobgoblin closely misses you.
You hit the scorpion but do no damage.
The scorpion is severely wounded.
* * * LOW HITPOINT WARNING * * *
You feel sick. The scorpion misses you. The hobgoblin misses you.
You closely miss the scorpion.
The scorpion is severely wounded.
* * * LOW HITPOINT WARNING * * *
You feel very sick. The scorpion stings you.
You die...

#####.##$
#...#....
#.)s#..###
#<@g......
#.#..#..)
#.##.#####
#.#..[#...
#...∩..!##
###...###
##.## #...
####


You could see a scorpion and a hobgoblin.

Vanquished Creatures
  Natasha (thrice) (D:2)
  6 adders
  A worm (D:1)
  4 dart slugs (D:1)
  An orc (D:2)
  4 bats
  6 endoplasms
  7 goblins
  4 hobgoblins
  2 ball pythons
  2 frilled lizards
  4 kobolds
  7 rats
51 creatures vanquished.

Notes
Turn   | Place    | Note
-------+----------+-------------------------------------------
     0 | D:1      | jimonade the Kobold Brigand began the quest for the Orb.
     0 | D:1      | Reached XP level 1. HP: 12/12 MP: 1/1
    96 | D:1      | Reached XP level 2. HP: 13/17 MP: 2/2
   178 | D:1      | Reached skill level 6 in Stealth
   392 | D:1      | Found a faded altar of an unknown god.
   458 | D:1      | Reached XP level 3. HP: 21/21 MP: 3/3
   897 | D:2      | Found an ancient bone altar of Kikubaaqudgha.
   975 | D:2      | Reached skill level 7 in Stealth
  1043 | D:2      | Reached XP level 4. HP: 27/27 MP: 4/4
  1483 | D:2      | Noticed Natasha
  1485 | D:2      | Killed Natasha
  1486 | D:2      | Reached skill level 8 in Stealth
  1486 | D:2      | Reached XP level 5. HP: 31/31 MP: 5/5
  1495 | D:2      | Noticed Natasha
  1507 | D:2      | HP: 1/31 [Natasha (7)]
  1508 | D:2      | Killed Natasha
  1982 | D:2      | Noticed Natasha
  1984 | D:2      | Killed Natasha
  2609 | D:3      | Found a stormy altar of Qazlal.
  3113 | D:3      | Reached skill level 9 in Stealth
  3133 | D:3      | Found an ancient bone altar of Kikubaaqudgha.
  3227 | D:4      | Found Hoasisae's Gadget Gallery.
  3267 | D:4      | HP: 1/31 [poisoned by a scorpion]
  3267 | D:4      | Slain by a scorpion

Illustrated notes

Levels and vault maps discovered:
D:1:      dpeg_arrival_brainrot, layout_basic, basic_ecumenical_altar,
          serial_bayou_pond_e
D:2:      layout_basic, basic_altar, minmay_hexomino_p4, uniq_natasha
D:3:      layout_basic, grunt_qazlal_sundering, kiku_gazebo_pond_becter
D:4:      layout_basic, minmay_temple_entry_glassed_door, nicolae_shop_gadgets

Skill      XL: |  1  2  3  4  5 |
---------------+----------------+-----
Stealth        | 6 7 8 9 |  9.0
Short Blades   | 3 |  3.3
Fighting       | |  2.4
Throwing       | |  2.1
Dodging        | |  1.3

Action                   |  1- 3 |  4- 6 || total
-------------------------+-------+-------++-------
Melee: Dagger            |    34 |    48 ||    82
       Rapier            |       |    30 ||    30
 Stab: Sleeping          |    16 |    19 ||    35
       Distracted        |     1 |     1 ||     2
Armor: Robe              |       |     7 ||     7
Dodge: Dodged            |     9 |    60 ||    69

Table legend: (Time is in decaauts)
 A = Elapsed time spent in this place.
 B = Non-inter-level travel time spent in this place.
 C = Inter-level travel time spent in this place.
 D = Time resting spent in this place.
 E = Time spent auto-exploring this place.
 F = Levels seen in this place.
 G = Mean time per level.
                   A        B        C        D        E       F      G
               +--------+--------+--------+--------+--------+-----+--------+
         Total |   3255 |   3177 |     78 |    341 |   2467 |   4 |  813.8 |
       Dungeon |   3255 |   3177 |     78 |    341 |   2467 |   4 |  813.8 |
               +--------+--------+--------+--------+--------+-----+--------+

Top non-repeatable levels by time:
     D:2: 1428 daAuts
     D:3: 910 daAuts
     D:1: 875 daAuts
     D:4: 41 daAuts
